 Dungeon Crawl Stone Soup version 0.15-a0-1880-g53e602b (console) character file.

4453 darknest the Gouger (level 10, -1/49 HPs)
             Began as a Felid Fighter on July 4, 2014.
             Was a Priest of Cheibriados.
             Slain by WhatIsLove's ghost (13 damage)
             ... on Level 1 of the Lair of Beasts.
             The game lasted 00:40:57 (6493 turns).

darknest the Gouger (Felid Fighter)                 Turns: 6493, Time: 00:40:58

HP  -1/49        AC  7     Str 23      XL: 10   Next: 15%
MP  24/24        EV 32     Int 17      God: Cheibriados [***...]
Gold 602         SH  0     Dex 27      Spells:  0 memorised,  9 levels left
Lives: 0, deaths: 2

rFire  . . .     SeeInvis +       - Unarmed
rCold  . . .     Clarity  +     (armour unavailable)
rNeg   . . .     rCorr    .     (shield unavailable)
rPois  +         rRot     .     (helmet unavailable)
rElec  .         Spirit   .     (cloak unavailable)
SustAb .         Warding  .     (gloves unavailable)
rMut   .         Stasis   .     (boots unavailable)
Gourm  .                        (no amulet)
MR     +....                    F - +3 ring of protection
                                a - cursed ring of poison resistance

@: very slow, somewhat resistant to hostile enchantments, fairly stealthy
A: paw claws, no armour, no weapons or thrown items, fangs 3, thin metallic
scales 1, see invisible, agile 1, carnivore 3, clarity, speed 1, shaggy fur 2,
slow metabolism 1, jump 2, no device heal 1, forlorn
a: Jump Attack, Bend Time, Temporal Distortion, Renounce Religion


You were on level 1 of the Lair of Beasts.
You worshipped Cheibriados.
Cheibriados was most pleased with you.
You were not hungry.

You visited 4 branches of the dungeon, and saw 16 of its levels.
You also visited: Sewer.

You collected 602 gold pieces.

Inventory:

Magical devices
 w - a wand of teleportation (4)
 x - a wand of digging (10)
Comestibles
 d - 5 meat rations
 h - 9 royal jellies
 j - 3 beef jerkies
 q - 3 slices of pizza
Scrolls
 c - 4 scrolls of recharging
 f - 5 scrolls of remove curse
 i - 2 scrolls of fog
 r - 3 scrolls of noise {unknown}
 s - 2 scrolls of magic mapping {unknown}
 u - 4 scrolls of teleportation {unknown}
 y - 2 scrolls of immolation
Jewellery
 a - a cursed ring of poison resistance (left paw)
 k - a cursed ring of fire
 n - an uncursed ring of wizardry
 o - a +4 ring of intelligence
 v - an uncursed ring of ice
 B - the ring of Fapap {MR+ Int-3}
   (You found it on level 10 of the Dungeon)

   [ring of protection from magic]

   It affects your intelligence (-3).
   It affects your resistance to hostile enchantments.
 F - a +3 ring of protection (right paw)
Potions
 b - a potion of restore abilities {unknown}
 g - a potion of flight
 l - 4 potions of curing
 m - a potion of brilliance {unknown}
 p - 2 potions of lignification
 t - a potion of magic
 z - a potion of agility
 C - a potion of invisibility
 D - a potion of cure mutation
Books
 A - a book of Annihilations {highlevel, unknown}

   This book is beyond your current level of understanding.

   Spells                             Type                      Level
   Poison Arrow                       Conjuration/Poison           6
   Chain Lightning                    Conjuration/Air              8
   Lehudib's Crystal Spear            Conjuration/Earth            8
   Glaciate                           Conjuration/Ice              9
   Fire Storm                         Conjuration/Fire             9


   Skills:
 - Level 9.0 Fighting
 - Level 10.7 Dodging
 + Level 12.7 Unarmed Combat
 + Level 7.2 Invocations


You had 9 spell levels left.
You didn't know any spells.

Dungeon Overview and Level Annotations

Branches:
Dungeon (12/15)            Temple (1/1) D:5             Orc (2/4) D:11
   Lair (1/8) D:9

Altars:
Cheibriados
Dithmenos
Gozag
Kikubaaqudgha
Makhleb
Nemelex Xobeh
Okawaru
Sif Muna
Trog
Xom
Yredelemnul
Zin
The Shining One

Annotations:
D:9 Erolcha
Orc:2 Erica
Lair:1 WhatIsLove's ghost, powerful FoFi


Innate Abilities, Weirdness & Mutations

You cannot wear armour.
You are incapable of wielding weapons or throwing items.
Your paws have sharp claws.
You have razor-sharp teeth.
You have supernaturally acute eyesight.
You are carnivorous and can eat meat at any time.
You cover ground quickly.
You are covered in thick fur (AC +2).
You have a slow metabolism.
You can jump attack at a medium distance.
You are partially covered in thin metallic scales (AC +2).
You are agile. (Dex +2)
You possess an exceptional clarity of mind.
Potions and wands are less effective at restoring your health.
You have difficulty communicating with the divine.


Message History

WhatIsLove's ghost whispers, "It is all a dream - a grotesque and foolish dream."
WhatIsLove's ghost completely misses you.
You scratch WhatIsLove's ghost.
You bite WhatIsLove's ghost, but do no damage.
WhatIsLove's ghost is heavily damaged.
WhatIsLove's ghost hits you.
* * * LOW HITPOINT WARNING * * *
Press: ? - help, v - describe, . - travel
Here: WhatIsLove's ghost (heavily damaged)
The floor.
Unknown command.
You mangle WhatIsLove's ghost!!
WhatIsLove's ghost is severely damaged.
You scratch WhatIsLove's ghost but do no damage.
You claw WhatIsLove's ghost!
WhatIsLove's ghost is almost destroyed.
WhatIsLove's ghost hits you.
* * * LOW HITPOINT WARNING * * *
You are electrocuted!
You die...

#...##.#♣..# .#
#.........##
#..######.........#
#.......##.###...###
#.......# ##....###..
#.....# ##.[.......
#.....######...######.
#.......##.....##
##.<....W@.....P#
#.....#######...#
#....## ≈P.# ##....#
PP.# #.....# P≈♣#
##..### ..# #### #..
P.


You could see WhatIsLove's ghost.

Vanquished Creatures
  The ghost of Kenran the Bludgeoner, a powerful GrFi of Makhleb (Lair:1)
  A hill giant (D:11)
  Joseph (D:8)
  A cyclops (D:11)
  A spiny frog (Lair:1)
  A queen bee (D:8)
  3 trolls
  Prince Ribbit (D:6)
  2 two-headed ogres
  6 ugly things (D:11)
  A hippogriff (D:7)
  6 yaks (D:11)
  A deep elf mage (D:12)
  3 hungry ghosts
  2 hill giant skeletons (D:8)
  Menkaure (D:7)
  A soldier ant (D:12)
  2 orc warriors
  2 sky beasts
  A porcupine (Lair:1)
  4 ogres
  A phantom (D:7)
  The ghost of vYxOr the Shield-Bearer, an average MiFi (Sewer)
  A yellow wasp (D:8)
  4 centaurs
  2 giant frogs
  Duvessa (D:6)
  5 big kobolds
  A cyclops zombie (D:4)
  24 killer bees
  2 scorpions
  3 troll zombies (D:11)
  4 wights (D:8)
  A crimson imp (D:10)
  A hippogriff skeleton (D:7)
  Dowan (D:6)
  2 jellies
  6 orc priests
  A gnoll shaman (D:9)
  6 hounds
  A black bear skeleton (D:5)
  A centaur skeleton (D:4)
  An iguana (D:9)
  6 orc wizards
  4 worker ants
  2 ogre zombies (D:11)
  2 ogre skeletons (D:6)
  A mummy (D:9)
  7 gnolls
  2 green rats (Sewer)
  8 orc zombies
  10 adders
  2 worms
  4 giant mites
  A white imp (D:9)
  An adder zombie (D:10)
  4 giant geckos
  An ooze (D:4)
  42 orcs
  A ball python (D:4)
  11 bats
  A bat skeleton (D:8)
  A bat zombie (D:7)
  11 hobgoblins
  15 jackals
  33 kobolds
  4 quokkas
  3 giant cockroaches
  3 giant newts
  3 goblins
  3 goblin skeletons
  6 goblin zombies
  2 hobgoblin zombies
  A kobold skeleton (D:9)
  4 kobold zombies
  3 orc skeletons
  8 rats
  A rat zombie (D:5)
323 creatures vanquished.

Vanquished Creatures (others)
  A phantom (D:11)
  A hobgoblin zombie (D:11)
  A plant (Lair:1)
3 creatures vanquished.

Grand Total: 326 creatures vanquished

Notes
Turn   | Place    | Note
--------------------------------------------------------------
     0 | D:1      | darknest, the Felid Fighter, began the quest for the Orb.
     0 | D:1      | Reached XP level 1. HP: 10/10 MP: 2/2
   106 | D:1      | Reached XP level 2. HP: 14/14 MP: 3/3
   198 | D:3      | Reached skill level 5 in Dodging
   198 | D:3      | Reached XP level 3. HP: 17/17 MP: 5/5
   356 | D:3      | Reached XP level 4. HP: 17/21 MP: 7/7
   398 | D:3      | Reached skill level 5 in Unarmed Combat
   439 | D:3      | Found a glowing drain.
   443 | Sewer    | Entered a sewer
   443 | Sewer    | Noticed vYxOr's ghost (average MiFi)
   449 | Sewer    | Gained mutation: You are agile. (Dex +2) [potion of mutation]
   449 | Sewer    | Gained mutation: You have difficulty communicating with the divine. [potion of mutation]
   449 | Sewer    | Gained mutation: You possess an exceptional clarity of mind. [potion of mutation]
   458 | Sewer    | Killed vYxOr's ghost
   458 | Sewer    | Reached skill level 6 in Dodging
   458 | Sewer    | Reached XP level 5. HP: 22/24 MP: 8/8
   502 | Sewer    | Noticed a big kobold
   518 | Sewer    | Killed a big kobold
   518 | Sewer    | Gained mutation: You are covered in thick fur (AC +2). [growing up]
   518 | Sewer    | Gained mutation: You can jump attack at a medium distance. [growing up]
   518 | Sewer    | Reached XP level 6. HP: 12/28 MP: 10/10
   525 | Sewer    | Reached skill level 7 in Dodging
   572 | Sewer    | Found a white marble altar of Elyvilon.
   798 | D:3      | Found a burning altar of Makhleb.
  1231 | D:5      | Entered Level 5 of the Dungeon
  1682 | D:4      | Reached XP level 7. HP: 26/31 MP: 12/12
  1884 | D:5      | Found a staircase to the Ecumenical Temple.
  1894 | Temple   | Entered the Ecumenical Temple
  1910 | Temple   | Became a worshipper of Cheibriados the Contemplative
  1938 | D:5      | Reached skill level 1 in Invocations
  2300 | D:6      | Noticed Prince Ribbit
  2368 | D:6      | Noticed Duvessa
  2368 | D:6      | Noticed Dowan
  2387 | D:6      | Killed Duvessa
  2395 | D:6      | Killed Dowan
  2445 | D:6      | Killed Prince Ribbit
  2445 | D:6      | Reached skill level 8 in Dodging
  2445 | D:6      | Reached XP level 8. HP: 34/34 MP: 14/18
  2485 | D:6      | Found a deep blue altar of Sif Muna.
  2738 | D:7      | Found a glowing silver altar of Zin.
  3005 | D:7      | Reached skill level 9 in Dodging
  3106 | D:6      | Noticed Menkaure
  3113 | D:7      | Killed Menkaure
  3176 | D:6      | Reached skill level 5 in Invocations
  3356 | D:7      | Reached XP level 9. HP: 22/37 MP: 21/21
  3643 | D:8      | Reached skill level 10 in Unarmed Combat
  3656 | D:8      | Reached skill level 10 in Dodging
  3668 | D:8      | Found a bloodstained altar of Trog.
  3687 | D:8      | Noticed Joseph
  3702 | D:8      | Killed Joseph
  3840 | D:8      | Reached skill level 11 in Unarmed Combat
  3883 | D:8      | Reached XP level 10. HP: 13/42 MP: 23/23
  4140 | D:8      | Found a basalt altar of Yredelemnul.
  4301 | D:9      | Found a staircase to the Lair.
  4430 | D:9      | Noticed Erolcha
  4465 | D:9      | Reached skill level 5 in Fighting
  4581 | Lair:1   | Entered Level 1 of the Lair of Beasts
  4600 | Lair:1   | Noticed WhatIsLove's ghost (powerful FoFi)
  4680 | D:9      | Found a glowing golden altar of the Shining One.
  4804 | D:10     | Entered Level 10 of the Dungeon
  4934 | D:10     | Got a faintly glowing lead ring
  4936 | D:10     | Identified the ring of Fapap {MR+ Int-3} (You found it on level 10 of the Dungeon)
  5095 | D:10     | Acquired Cheibriados' first power
  5216 | D:11     | Noticed a cyclops
  5237 | D:11     | Killed a cyclops
  5427 | D:11     | HP: 2/47 [white ugly thing (9)]
  5429 | D:11     | Reached skill level 12 in Unarmed Combat
  5483 | D:10     | Killed from afar by an orc priest
  5484 | D:10     | Reached XP level 9. HP: 0/43 MP: 22/22
  5484 | D:10     | Gained mutation: Your flesh is heat resistant. [mutagenic meat]
  5486 | D:10     | Gained mutation: Potions and wands are less effective at restoring your health. [mutagenic meat]
  5487 | D:10     | Gained mutation: You are partially covered in thin metallic scales (AC +2). [mutagenic meat]
  5603 | D:11     | Reached XP level 10. HP: 30/48 MP: 23/23
  5736 | D:11     | Noticed a hill giant
  5748 | D:11     | Killed a hill giant
  5888 | D:11     | Found a staircase to the Orcish Mines.
  5945 | Orc:1    | Entered Level 1 of the Orcish Mines
  5981 | D:11     | Lost mutation: Your flesh is heat resistant. [mutagenic meat]
  6024 | Orc:1    | Acquired Cheibriados' second power
  6173 | Orc:2    | Noticed Erica
  6438 | Lair:1   | Slain by WhatIsLove's ghost
  6439 | Lair:1   | Reached XP level 9. HP: -2/45 MP: 10/22
  6439 | Lair:1   | Noticed Kenran's ghost (powerful GrFi)
  6458 | Lair:1   | Killed Kenran's ghost
  6458 | Lair:1   | Reached XP level 10. HP: 16/49 MP: 21/24
  6493 | Lair:1   | Slain by WhatIsLove's ghost

Action                   |  1- 3 |  4- 6 |  7- 9 | 10-12 || total
-------------------------+-------+-------+-------+-------++-------
Melee: Unarmed           |    52 |   152 |   384 |   405 ||   993
Invok: Bend Time         |       |       |    10 |    14 ||    24
 Abil: Jump Attack       |       |     2 |     4 |     5 ||    11
Evoke: Wand              |       |       |     2 |     4 ||     6
  Use: Scroll            |     3 |     5 |     4 |     4 ||    16
       Potion            |       |     3 |     4 |       ||     7
 Stab: Sleeping          |     1 |     1 |     4 |     2 ||     8
       Distracted        |       |       |     1 |       ||     1
